 Dungeon Crawl Stone Soup version 0.27.1-33-g824d729ab1 (webtiles) character file.

Game seed: 14137924359207880254

328 13raion the Chopper (level 6, 0/57 HPs)
             Began as a Minotaur Berserker on Dec 2, 2021.
             Was a Believer of Trog.
             Slain by an orc warrior (6 damage)
             ... on level 6 of the Dungeon.
             The game lasted 00:05:07 (2504 turns).

13raion the Chopper (Minotaur Berserker)            Turns: 2504, Time: 00:05:08

Health: 0/57       AC:  6    Str: 24    XL:     6   Next: 25%
Magic:  5/5        EV: 10    Int:  4    God:    Trog [**....]
Gold:   63         SH:  0    Dex:  9    Spells: 5/5 levels left

rFire    . . .     SeeInvis .   a - +0 hand axe
rCold    . . .     Faith    .   (no shield)
rNeg     . . .     Spirit   .   g - +0 scale mail
rPois    .         Reflect  .   (helmet restricted)
rElec    .         Harm     .   (no cloak)
rCorr    .         Rampage  .   (no gloves)
Will     .....                  (no boots)
Stlth    ..........             (no amulet)
HPRegen  0.19/turn              (no ring)
MPRegen  0.09/turn              (no ring)

@: on berserk cooldown, slowed, very slow
A: horns 2, retaliatory headbutt
a: Renounce Religion, Berserk, Trog's Hand


You were on level 6 of the Dungeon.
You worshipped Trog.
Trog was pleased with you.
You visited 1 branch of the dungeon, and saw 5 of its levels.

You collected 63 gold pieces.

Inventory:

Hand Weapons
 a - a +0 hand axe (weapon)
Armour
 b - a +0 animal skin
 g - a +0 scale mail (worn)
 i - a +2 ring mail of cold resistance
Scrolls
 c - 2 scrolls of identify {unknown}
 f - 2 scrolls of enchant weapon {unknown}
 h - a scroll of enchant armour {unknown}
Potions
 d - 5 potions of heal wounds {unknown}
 e - 2 potions of flight {unknown}


   Skills:
 + Level 6.1 Fighting
 + Level 7.0 Axes
 - Level 2.4 Armour
 - Level 2.1 Dodging


You had 5 spell levels left.
You didn't know any spells.
Your spell library was empty.

Dungeon Overview and Level Annotations

Branches:
Dungeon (4/15)
 Temple: D:4-7

Altars:
Zin


Innate Abilities, Weirdness & Mutations

You have a pair of horns on your head.
You reflexively headbutt those who attack you in melee.


Message History

* * * LOW HITPOINT WARNING * * *
You bump into the rock wall.
An orc wizard comes into view. It is wielding a +0 dagger.
You feel a strong urge to attack something.
You are no longer berserk.
You are exhausted.
You feel yourself slow down. Something hits you.
* * * LOW HITPOINT WARNING * * *
An orc comes into view. It is wielding a +0 short sword.
The orc warrior closely misses you.
Things that are here:
a +0 flail; a +0 leather armour You're too confused to move!
The orc shouts!
Something hits you.
* * * LOW HITPOINT WARNING * * *
The orc wizard casts a spell at you. The magic dart hits you.
* * * LOW HITPOINT WARNING * * *
The orc warrior completely misses you.
You bump into the rock wall.
You feel less confused. Something hits you but does no damage.
The orc wizard casts a spell at you. You resist with some effort.
The orc warrior barely misses you. You furiously retaliate!
You headbutt the orc warrior, but do no damage.
Something hits you but does no damage.
The orc warrior hits you but does no damage.
The orc throws a boomerang.
The boomerang closely misses you. The orc warrior barely misses you.
A howler monkey zombie comes into view.
You hear some strange, mumbled words.
Something tries to affect you, but you resist.
The orc warrior hits you from afar with a +0 trident.
* * * LOW HITPOINT WARNING * * *
The howler monkey zombie moves out of view.
Something hits you but does no damage.
The orc warrior hits you from afar with a +0 trident.
You die...

# # .# .#..#
.#..# #....#
.....#
.########...#
# ......o.@..#
.#
Z.##.#.##..#.#
.#.##.#o# ..#
..Zo...)###.##
.#.##.......#
######..# ..#
..# ..#


You could see an orc warrior, an orc and a howler monkey zombie.

Vanquished Creatures
  A phantom (D:3)
  A wyvern skeleton (D:6)
  An orc priest (D:3)
  Jessica (D:2)
  An orc wizard (D:3)
  4 gnolls
  3 adders
  A dart slug (D:1)
  5 orcs
  2 bats
  An endoplasm (D:3)
  8 giant cockroaches
  3 goblins
  4 hobgoblins
  2 jackals (D:1)
  2 quokkas
  5 ball pythons
  6 kobolds
  2 rats
53 creatures vanquished.

Notes
Turn   | Place    | Note
-------+----------+-------------------------------------------
     0 | D:1      | 13raion the Minotaur Berserker began the quest for the Orb.
     0 | D:1      | Reached XP level 1. HP: 19/19 MP: 0/0
    29 | D:1      | Reached skill level 4 in Axes
    29 | D:1      | Reached XP level 2. HP: 27/27 MP: 1/1
   401 | D:1      | Found a faded altar of an unknown god.
   951 | D:2      | Reached XP level 3. HP: 30/34 MP: 2/2
  1291 | D:2      | Reached skill level 5 in Axes
  1461 | D:2      | Noticed Jessica
  1466 | D:2      | Killed Jessica
  1467 | D:2      | Reached skill level 5 in Fighting
  1467 | D:2      | Reached XP level 4. HP: 42/42 MP: 3/3
  1468 | D:2      | Reached ** piety under Trog
  1521 | D:2      | Found a glowing silver altar of Zin.
  2042 | D:3      | Noticed a phantom
  2050 | D:3      | Reached XP level 5. HP: 48/48 MP: 4/4
  2050 | D:3      | Killed a phantom
  2051 | D:3      | Reached skill level 6 in Axes
  2059 | D:3      | Reached XP level 6. HP: 57/57 MP: 5/5
  2483 | D:4      | You fall into a shaft and drop 2 floors!
  2490 | D:6      | Noticed an orc warrior
  2493 | D:6      | Reached skill level 7 in Axes
  2504 | D:6      | Slain by an orc warrior

Illustrated notes

Levels and vault maps discovered:
D:1:      dpeg_arrival_pits, layout_loops_corners,
          hellmonk_ecumenical_altar_dog_temple
D:2:      layout_rooms, serial_rivers, chequers_serial_rivers_room_b,
          chequers_serial_rivers_marsh, chequers_serial_rivers_small_a,
          chequers_serial_rivers_small_a, chequers_serial_rivers_marsh,
          basic_altar, chequers_serial_rivers_large_b, minmay_worlds_worst_comb,
          uniq_jessica
D:3:      minmay_octagon_keep, layout_basic
D:4:      layout_basic, mainiacjoe_overflow_two_lobes, gammafunk_ghost_arena,
          cheibrodos_sewer_entry_sluice
D:6:      layout_loops_ring, minmay_temple_entry_glassed_door

Skill      XL: |  1  2  3  4  5  6 |
---------------+-------------------+-----
Fighting       | 4 5 6 |  6.1
Axes           | 4 5 6 7 |  7.0
Armour         | |  2.4
Dodging        | |  2.1

Action                   |  1- 3 |  4- 6 || total
-------------------------+-------+-------++-------
Melee: Hand axe          |    44 |    59 ||   103
       Headbutt          |     7 |     8 ||    15
Invok: Berserk           |     1 |     2 ||     3
       Trog's Hand       |       |     1 ||     1
Armor: Animal skin       |     4 |       ||     4
       Scale mail        |       |    23 ||    23
Dodge: Dodged            |    30 |    31 ||    61
